[Event "ICCopen2017"]
[Site "Internet Chess Club"]
[Date "2017.03.25"]
[Round "9"]
[White "thxgg"]
[Black "PerMag"]
[Result "0-1"]
[ICCResult "White resigns"]
[WhiteElo "1802"]
[BlackElo "1723"]
[Opening "QGD: 4.Nf3"]
[ECO "D37"]
[NIC "QO.16"]
[Time "15:44:06"]
[TimeControl "180+0"]

1. d4 Nf6 2. c4 e6 3. Nc3 d5 4. Nf3 Be7 5. g3 O-O 6. Bg2 b6 7. O-O Bb7 8.
Ne5 Nbd7 9. e3 c6 10. Qe2 Qc7 11. b3 Nxe5 12. dxe5 Qxe5 13. Bb2 Qc7 14. Rac1
Rad8 15. cxd5 exd5 16. e4 dxe4 17. Nxe4 Nxe4 18. Qxe4 Rfe8 19. Rfe1 Qd7 20.
h4 Bf6 21. Bxf6 Rxe4 22. Rxe4 gxf6 23. Ree1 c5 24. Bf1 Qd5 {White resigns}
0-1

[Event "ICCopen2017"]
[Site "Internet Chess Club"]
[Date "2017.03.25"]
[Round "9"]
[White "minchadad"]
[Black "kidcobra"]
[Result "0-1"]
[ICCResult "White resigns"]
[WhiteElo "1404"]
[BlackElo "2040"]
[Opening "Ruy Lopez: Schliemann defense"]
[ECO "C63"]
[NIC "RL.06"]
[Time "15:44:25"]
[TimeControl "180+0"]

1. e4 e5 2. Nf3 Nc6 3. Bb5 f5 4. Bxc6 bxc6 5. Nxe5 Qe7 6. Qh5+ g6 7. Nxg6
Qxe4+ 8. Kf1 Qc4+ 9. d3 Qf7 10. Nf4 Qxh5 11. Nxh5 d5 12. Bg5 h6 13. Bh4 c5
14. Nd2 Bd6 15. Re1+ Kd7 16. f3 Kc6 17. Re8 Kd7 18. Nf6+ Nxf6 19. Rf8 Rxf8
{White resigns}
0-1

[Event "ICCopen2017"]
[Site "Internet Chess Club"]
[Date "2017.03.25"]
[Round "9"]
[White "magnuswizard"]
[Black "StevieMcStiefel"]
[Result "1-0"]
[ICCResult "Black resigns"]
[WhiteElo "1822"]
[BlackElo "1635"]
[Opening "French: King's Indian attack"]
[ECO "C00"]
[NIC "FR.02"]
[Time "15:44:11"]
[TimeControl "180+0"]

1. e4 e6 2. d3 d5 3. Nd2 Nf6 4. exd5 exd5 5. Ngf3 c5 6. Be2 Bd6 7. O-O Nc6
8. h3 h6 9. Re1 Be6 10. Bf1 Qd7 11. c3 d4 12. Nc4 Bc7 13. Nce5 Nxe5 14. Nxe5
Bxe5 15. Rxe5 dxc3 16. bxc3 Rd8 17. Rxc5 O-O 18. Qf3 b6 19. Re5 Qe7 20. d4
Bd5 21. Qg3 Qd6 22. Bxh6 g6 23. Bxf8 Rxf8 24. Rae1 Ne4 25. R5xe4 Bxe4 26.
Qxd6 {Black resigns} 1-0

[Event "ICCopen2017"]
[Site "Internet Chess Club"]
[Date "2017.03.25"]
[Round "9"]
[White "geom"]
[Black "Otje"]
[Result "1-0"]
[ICCResult "Black checkmated"]
[WhiteElo "1590"]
[BlackElo "1326"]
[Opening "French: advance variation"]
[ECO "C02"]
[NIC "FR.03"]
[Time "15:45:30"]
[TimeControl "180+0"]

1. e4 e6 2. d4 d5 3. e5 c5 4. c3 cxd4 5. cxd4 Nc6 6. Nf3 Bb4+ 7. Bd2 Qa5 8.
Bc3 Nge7 9. Bd3 g6 10. O-O O-O 11. a3 Bxc3 12. Nxc3 Qb6 13. Bc2 Qxb2 14. Qd3
Qb6 15. Rab1 Qc7 16. Ng5 Nf5 17. Qh3 h5 18. g4 Nfxd4 19. gxh5 Qxe5 20. hxg6
Qxg5+ 21. Kh1 Nxc2 22. Qh7# {Black checkmated} 1-0

[Event "ICCopen2017"]
[Site "Internet Chess Club"]
[Date "2017.03.25"]
[Round "9"]
[White "joppie"]
[Black "knightspirit"]
[Result "1-0"]
[ICCResult "Black resigns"]
[WhiteElo "1626"]
[BlackElo "1232"]
[Opening "QGD: 4.Nf3"]
[ECO "D37"]
[NIC "QO.16"]
[Time "15:45:49"]
[TimeControl "180+0"]

1. d4 d5 2. c4 e6 3. Nc3 Nf6 4. Nf3 Be7 5. Bg5 b6 6. cxd5 Nxd5 7. Bxe7 Nxe7
8. e3 Bb7 9. Be2 Nd7 10. O-O Rc8 11. a3 O-O 12. b4 c5 13. bxc5 bxc5 14. Rc1
cxd4 15. Nxd4 Nf6 16. Bf3 Ned5 17. Nxd5 Rxc1 18. Qxc1 Nxd5 19. Qc5 Qc8 20.
Qxa7 Qa8 21. Qxa8 Rxa8 22. Ra1 f5 23. Nxe6 Kf7 24. Nc7 Nxe3 25. Bxb7
{Black resigns}
1-0

[Event "ICCopen2017"]
[Site "Internet Chess Club"]
[Date "2017.03.25"]
[Round "9"]
[White "bumbleball"]
[Black "grancaruso"]
[Result "0-1"]
[ICCResult "White checkmated"]
[WhiteElo "1641"]
[BlackElo "1796"]
[Opening "Queen's pawn: London system"]
[ECO "A45"]
[NIC "QP.07"]
[Time "15:44:43"]
[TimeControl "180+0"]

1. d4 Nf6 2. Bf4 e6 3. e3 c5 4. c3 b6 5. Nf3 Bb7 6. Be2 Be7 7. O-O O-O 8. h3
d6 9. Nbd2 Re8 10. dxc5 bxc5 11. Nc4 d5 12. Qb3 Ba6 13. Rfd1 dxc4 14. Rxd8
cxb3 15. Rxe8+ Nxe8 16. Bxb8 Bxe2 17. Be5 Bxf3 18. gxf3 bxa2 19. Rxa2 Bd6
20. Bg3 Bxg3 21. fxg3 Kf8 22. Kf2 Ke7 23. Ke2 Nc7 24. Kd3 Kd6 25. Kc4 a6 26.
b3 f6 27. Rd2+ Kc6 28. h4 Nd5 29. Rd3 Nb6# {White checkmated} 0-1

[Event "ICCopen2017"]
[Site "Internet Chess Club"]
[Date "2017.03.25"]
[Round "9"]
[White "lion100"]
[Black "OTBB"]
[Result "0-1"]
[ICCResult "White resigns"]
[WhiteElo "1321"]
[BlackElo "1586"]
[Opening "French: Rubinstein variation"]
[ECO "C10"]
[NIC "FR.07"]
[Time "15:45:36"]
[TimeControl "180+0"]

1. e4 e6 2. Nc3 d5 3. d4 dxe4 4. Nxe4 Nd7 5. Bc4 Ngf6 6. Nxf6+ Nxf6 7. Nf3
c5 8. c3 cxd4 9. cxd4 Bb4+ 10. Bd2 Bxd2+ 11. Qxd2 O-O 12. O-O b6 13. Rad1
Bb7 14. Bb3 Bd5 15. Bc2 Rc8 16. Bb1 Bxf3 17. gxf3 Qd5 18. Qd3 Rfd8 19. Kh1
Rc4 20. Rg1 Rxd4 21. Qc2 Rxd1 22. Rxd1 Qxd1+ {White resigns} 0-1

[Event "ICCopen2017"]
[Site "Internet Chess Club"]
[Date "2017.03.25"]
[Round "9"]
[White "KnightWalker"]
[Black "Ninjakiwi17"]
[Result "0-1"]
[ICCResult "White resigns"]
[WhiteElo "1397"]
[BlackElo "2099"]
[Opening "Caro-Kann: classical variation"]
[ECO "B18"]
[NIC "CK.10"]
[Time "15:44:28"]
[TimeControl "180+0"]

1. e4 c6 2. d4 d5 3. Nd2 dxe4 4. Nxe4 Bf5 5. Ng3 Bg6 6. Nf3 Nd7 7. Bd3 Bxd3
8. Qxd3 e6 9. O-O Ngf6 10. Re1 Bd6 11. Bg5 Qc7 12. c4 O-O 13. Ne4 Be7 14. a3
Rfe8 15. b4 Nxe4 16. Bxe7 Nxf2 17. Kxf2 Rxe7 18. d5 cxd5 19. cxd5 Qd6 20.
Rad1 exd5 21. Rxe7 Qxe7 22. Qxd5 Nf6 23. Qd2 Ne4+ 24. Kg1 Nxd2 25. Rxd2 Qe3+
26. Rf2 Rd8 {White resigns} 0-1

[Event "ICCopen2017"]
[Site "Internet Chess Club"]
[Date "2017.03.25"]
[Round "9"]
[White "ASidorov"]
[Black "eltigrecu"]
[Result "1-0"]
[ICCResult "Black resigns"]
[WhiteElo "2298"]
[BlackElo "1897"]
[Opening "Sicilian: Nimzovich-Rossolimo attack (without ...d6)"]
[ECO "B30"]
[NIC "SI.31"]
[Time "15:44:08"]
[TimeControl "180+0"]

1. e4 c5 2. Nf3 Nc6 3. Bb5 e6 4. Bxc6 bxc6 5. d3 d6 6. e5 d5 7. O-O Qc7 8.
Re1 Ne7 9. Nc3 Ng6 10. b3 Be7 11. Ba3 Qa5 12. Na4 O-O 13. Qd2 Qb5 14. c4 Qa6
15. Bxc5 Bd7 16. Bxe7 Nxe7 17. Nc5 Qc8 18. Rac1 Nf5 19. d4 Rd8 20. g4 Ne7
21. Qg5 Ng6 22. h4 h6 23. Qe3 dxc4 24. bxc4 Be8 25. h5 Nf8 26. g5 hxg5 27.
Nxg5 Nd7 28. Nce4 f5 29. Nd6 Qa6 30. Nxe6 Bxh5 31. Qg5 g6 32. Qh6
{Black resigns}
1-0

[Event "ICCopen2017"]
[Site "Internet Chess Club"]
[Date "2017.03.25"]
[Round "9"]
[White "Giantvin"]
[Black "Barbos"]
[Result "0-1"]
[ICCResult "White forfeits on time"]
[WhiteElo "1945"]
[BlackElo "2433"]
[Opening "Benkö gambit: Zaitsev system"]
[ECO "A50"]
[NIC "BI.44"]
[Time "15:44:10"]
[TimeControl "180+0"]

1. d4 Nf6 2. c4 a6 3. Nc3 c5 4. d5 b5 5. cxb5 axb5 6. Nxb5 Qa5+ 7. Nc3 Bb7
8. Bd2 Qb6 9. e4 e6 10. Bc4 Nxe4 11. Nxe4 exd5 12. Bc3 dxc4 13. Qe2 Bxe4 14.
Qxe4+ Qe6 15. Qxe6+ fxe6 16. Nf3 d5 17. O-O Nc6 18. Ne5 Nxe5 19. Bxe5 Kf7
20. f4 Be7 21. f5 exf5 22. Rxf5+ Ke6 23. Raf1 Rhf8 24. Rxf8 Bxf8 25. Bc3 d4
26. Bd2 Bd6 27. a3 Rb8 28. Bc1 Rb3 29. Rf3 Kd5 {White forfeits on time} 0-1

[Event "ICCopen2017"]
[Site "Internet Chess Club"]
[Date "2017.03.25"]
[Round "9"]
[White "Chigorinetz"]
[Black "tirandopiezas"]
[Result "0-1"]
[ICCResult "White checkmated"]
[WhiteElo "1808"]
[BlackElo "2020"]
[Opening "Vienna game"]
[ECO "C28"]
[NIC "IG.04"]
[Time "15:46:11"]
[TimeControl "180+0"]

1. e4 e5 2. Bc4 Nc6 3. Nc3 Nf6 4. d3 Bc5 5. f4 d6 6. Nf3 Bg4 7. Na4 Nd4 8.
fxe5 Bxf3 9. gxf3 Nd7 10. Bf4 dxe5 11. Nxc5 exf4 12. Nxd7 Qh4+ 13. Kd2 Qf2+
14. Kc3 Kxd7 15. Rf1 Ne2+ 16. Kb3 Qb6+ 17. Ka3 Qa5+ 18. Kb3 Nd4#
{White checkmated}
0-1

[Event "ICCopen2017"]
[Site "Internet Chess Club"]
[Date "2017.03.25"]
[Round "9"]
[White "Gravity"]
[Black "hon"]
[Result "0-1"]
[ICCResult "White resigns"]
[WhiteElo "1089"]
[BlackElo "1270"]
[Opening "King's Indian defense"]
[ECO "E60"]
[NIC "KI.80"]
[Time "15:45:31"]
[TimeControl "180+0"]

1. d4 Nf6 2. c4 g6 3. e3 Bg7 4. Nf3 d6 5. a3 O-O 6. Nc3 c5 7. b3 cxd4 8.
Nxd4 Nc6 9. Nxc6 bxc6 10. Bb2 c5 11. Qc2 Qb6 12. Bd3 Rb8 13. O-O Qxb3 14.
Qxb3 Rxb3 15. Rfb1 Be6 16. Ra2 Rfb8 17. Nb5 Rxd3 18. Nc7 Bxc4 19. h3 Bxa2
20. Rc1 Rxb2 21. Rf1 Bc4 {White resigns} 0-1

[Event "ICCopen2017"]
[Site "Internet Chess Club"]
[Date "2017.03.25"]
[Round "9"]
[White "Gruble"]
[Black "fiume"]
[Result "1-0"]
[ICCResult "Black resigns"]
[WhiteElo "1747"]
[BlackElo "1869"]
[Opening "French: exchange variation"]
[ECO "C01"]
[NIC "FR.01"]
[Time "15:44:29"]
[TimeControl "180+0"]

1. e4 e6 2. d4 d5 3. exd5 exd5 4. Nc3 Bd6 5. Nxd5 Bxh2 6. Qe2+ Kf8 7. Nc3
Bxg1 8. Rxg1 Bf5 9. Be3 Nf6 10. O-O-O c6 11. f3 Nbd7 12. g4 Bg6 13. f4 Ne4
14. f5 Nxc3 15. bxc3 Qa5 16. Qc4 Nb6 17. Qb3 Nd5 18. Bd2 Qc7 19. fxg6 hxg6
20. Bc4 Rd8 21. Bxd5 Rxd5 22. Rdf1 Rh2 23. Bf4 Qa5 24. Bxh2 Rb5 25. Bd6+ Kg8
26. Qxf7+ {Black resigns} 1-0

[Event "ICCopen2017"]
[Site "Internet Chess Club"]
[Date "2017.03.25"]
[Round "9"]
[White "Zelos"]
[Black "EGK"]
[Result "1-0"]
[ICCResult "Black forfeits on time"]
[WhiteElo "2384"]
[BlackElo "1917"]
[Opening "Scandinavian defense"]
[ECO "B01"]
[NIC "SD.03"]
[Time "15:44:22"]
[TimeControl "180+0"]

1. e4 d5 2. exd5 Nf6 3. Nf3 Nxd5 4. d4 g6 5. Be2 Bg7 6. O-O O-O 7. Re1 Nc6
8. Na3 a6 9. c3 b5 10. Bg5 Bb7 11. Qd2 Qd7 12. Rad1 Bf6 13. Bh6 Rfe8 14. Nc2
e6 15. h3 Nce7 16. Ne5 Qd6 17. Bf3 Nf5 18. Bg5 Bxg5 19. Qxg5 f6 20. Qg4 fxe5
21. dxe5 Qe7 22. a3 Qh4 23. g3 Qxg4 24. hxg4 Nfe7 25. Kg2 Rab8 26. Nd4 Nc6
27. Nb3 Rbd8 28. Nc5 Bc8 29. g5 Nb8 30. Bg4 Kf7 31. f4 c6 32. Ne4 Ke7 33.
Kf3 Rf8 34. Rh1 Rf7 35. Rd2 Bb7 36. Rdh2 c5 37. Nxc5 Bc6 38. Ne4 Nxc3 39.
bxc3 Rd3+ 40. Ke2 Bxe4 41. Rxh7 Bxh1 42. Rxf7+ Kxf7 43. Kxd3 Nd7 44. c4 Bd5
45. cxd5 {Black forfeits on time} 1-0

[Event "ICCopen2017"]
[Site "Internet Chess Club"]
[Date "2017.03.25"]
[Round "9"]
[White "bobbyforever"]
[Black "HangMySack"]
[Result "1-0"]
[ICCResult "Black resigns"]
[WhiteElo "1572"]
[BlackElo "1685"]
[Opening "Queen's pawn game"]
[ECO "D02"]
[NIC "QP.08"]
[Time "15:45:16"]
[TimeControl "180+0"]

1. d4 d5 2. Nf3 c6 3. e3 Nf6 4. Bd3 Ne4 5. Nbd2 f6 6. Nxe4 dxe4 7. Bxe4 Bg4
8. h3 Bh5 9. c4 Nd7 10. b3 e5 11. Bb2 Bb4+ 12. Kf1 exd4 13. exd4 O-O 14. Qc2
h6 15. a3 Ba5 16. b4 Bc7 17. g3 Re8 18. Kg2 Nf8 19. Rhe1 Rxe4 20. Qxe4 Bg6
21. Qe2 Qd7 22. Qe7 Qxh3+ {Black resigns} 1-0

[Event "ICCopen2017"]
[Site "Internet Chess Club"]
[Date "2017.03.25"]
[Round "9"]
[White "hedgie"]
[Black "ROWLAND"]
[Result "1-0"]
[ICCResult "Black checkmated"]
[WhiteElo "1830"]
[BlackElo "1484"]
[Opening "King's Indian: Sämisch, 5...O-O"]
[ECO "E81"]
[NIC "KI.52"]
[Time "15:45:46"]
[TimeControl "180+0"]

1. d4 Nf6 2. c4 g6 3. Nc3 Bg7 4. e4 d6 5. f3 O-O 6. Nge2 c5 7. Be3 cxd4 8.
Nxd4 Nc6 9. Be2 Nxd4 10. Bxd4 Qa5 11. O-O b6 12. a3 Bb7 13. b4 Qh5 14. f4
Qh4 15. g3 Qh3 16. Bf3 e5 17. Be3 Rad8 18. Qe2 Rfe8 19. Rad1 exf4 20. Bxf4
d5 21. cxd5 Nxd5 22. Bg5 Nxc3 23. Qc4 Rxd1 24. Bxd1 Nxd1 25. Qxf7+ Kh8 26.
Qxe8+ Bf8 27. Qxf8# {Black checkmated} 1-0

[Event "ICCopen2017"]
[Site "Internet Chess Club"]
[Date "2017.03.25"]
[Round "9"]
[White "Ososul"]
[Black "Knight-Rookie"]
[Result "1-0"]
[ICCResult "Black checkmated"]
[WhiteElo "1553"]
[BlackElo "1269"]
[Opening "Lengfellner system"]
[ECO "C01"]
[NIC "FR.01"]
[Time "15:45:14"]
[TimeControl "180+0"]

1. e4 e6 2. d4 d6 3. Nc3 Ne7 4. Nf3 g6 5. Be2 Bg7 6. Be3 O-O 7. O-O Nd7 8.
Qd2 a6 9. Bh6 b5 10. Bxg7 Kxg7 11. a3 Bb7 12. Rfe1 Nf6 13. Bf1 Qe8 14. e5
dxe5 15. dxe5 Nfd5 16. Ne4 Nf5 17. Qg5 h6 18. Qd2 Rd8 19. Rad1 Qe7 20. Qa5
Nf4 21. Nf6 Rxd1 22. Rxd1 Bxf3 23. gxf3 Nh4 24. Qc3 Rd8 25. Re1 g5 26. Qe3
Nf5 27. Qc3 Nd4 28. Bg2 Nxg2 29. Kxg2 Nc6 30. Qxc6 Kg6 31. Qe4+ Kg7 32. Qh7+
Kf8 33. Qg8# {Black checkmated} 1-0

[Event "ICCopen2017"]
[Site "Internet Chess Club"]
[Date "2017.03.25"]
[Round "9"]
[White "BeerMeUpScotty"]
[Black "mongmong"]
[Result "1-0"]
[ICCResult "Black resigns"]
[WhiteElo "1562"]
[BlackElo "1385"]
[Opening "French: Winawer, advance, poisoned pawn variation"]
[ECO "C18"]
[NIC "FR.09"]
[Time "15:45:35"]
[TimeControl "180+0"]

1. e4 e6 2. d4 d5 3. Nc3 Bb4 4. e5 Ne7 5. a3 Bxc3+ 6. bxc3 c5 7. Qg4 Nf5 8.
Bd3 h5 9. Qh3 cxd4 10. g4 Qh4 11. gxf5 Qxh3 12. Nxh3 exf5 13. cxd4 Nc6 14.
c3 Be6 15. Ng5 O-O-O 16. Nxe6 fxe6 17. Bg5 Rde8 18. h4 Ne7 19. Bxe7 Rxe7 20.
Rg1 Rd8 21. Rg6 Rdd7 22. Ke2 Rc7 23. Kd2 a6 24. Rag1 Kb8 25. R1g5 Ka7 26.
Rxh5 Kb6 27. Rhg5 Ka5 28. Bc2 b5 29. h5 Kb6 30. h6 gxh6 31. Rxh6 Rc8 32.
Bxf5 Rc6 33. Rgg6 Ka5 34. Rxe6 Rexe6 35. Rxe6 Rc4 36. Rd6 Ra4 37. Rxd5 Rxa3
38. e6 Ra2+ 39. Bc2 Ra1 40. e7 {Black resigns} 1-0

[Event "ICCopen2017"]
[Site "Internet Chess Club"]
[Date "2017.03.25"]
[Round "9"]
[White "Baltimora"]
[Black "The7thGuest"]
[Result "1-0"]
[ICCResult "Black resigns"]
[WhiteElo "2218"]
[BlackElo "1767"]
[Opening "Queen's pawn"]
[ECO "A40"]
[NIC "QO.17"]
[Time "15:45:27"]
[TimeControl "180+0"]

1. d4 c6 2. c4 g6 3. Nf3 Bg7 4. Nc3 d5 5. Bf4 Nf6 6. e3 O-O 7. cxd5 cxd5 8.
Rc1 Nc6 9. Bb5 Bg4 10. h3 Bxf3 11. Qxf3 e6 12. Bxc6 bxc6 13. O-O Rc8 14. Na4
Ne4 15. Rc2 Qa5 16. b3 c5 17. Rfc1 c4 18. Qe2 Qb5 19. f3 Nf6 20. Nc5 Rxc5
21. dxc5 Qxc5 22. bxc4 d4 23. exd4 Qxd4+ 24. Be3 Qh4 25. Qf2 Qh5 26. Bxa7
Qa5 27. Bb6 Qa6 28. Bd4 Rc8 29. Ba1 Ne8 30. Bxg7 Nxg7 31. c5 Nf5 32. c6 Rc7
33. g4 Ne7 34. Qg3 Rxc6 35. Rxc6 Nxc6 36. Qd6 Qa7+ 37. Kh1 Nd4 38. Rc8+ Kg7
39. Qe5+ Kh6 40. Qf4+ Kg7 41. Rd8 Ne2 42. Qe5+ f6 43. Qxe2 {Black resigns}
1-0

[Event "ICCopen2017"]
[Site "Internet Chess Club"]
[Date "2017.03.25"]
[Round "9"]
[White "Nfurter"]
[Black "sacov"]
[Result "0-1"]
[ICCResult "White resigns"]
[WhiteElo "1783"]
[BlackElo "2143"]
[Opening "Blackmar gambit"]
[ECO "B01"]
[NIC "VO.17"]
[Time "15:44:55"]
[TimeControl "180+0"]

1. e4 d5 2. d4 dxe4 3. Nc3 Nf6 4. f3 Bf5 5. g4 Bg6 6. g5 Nd5 7. Nxe4 e6 8.
c3 Nd7 9. Bd3 c5 10. Ne2 cxd4 11. cxd4 Bb4+ 12. N2c3 O-O 13. O-O Rc8 14. Bd2
Qa5 15. Qe2 Bxe4 16. fxe4 Nxc3 17. bxc3 Bxc3 18. Be3 Bxa1 19. Rxa1 f6 20.
gxf6 Nxf6 21. Rd1 Qh5 22. Qd2 Ng4 23. Bf4 Rxf4 24. Qxf4 Nxh2 25. Rb1 Nf3+
26. Kf2 Rf8 {White resigns} 0-1

[Event "ICCopen2017"]
[Site "Internet Chess Club"]
[Date "2017.03.25"]
[Round "9"]
[White "ZebJoe3"]
[Black "nephilimflyer"]
[Result "0-1"]
[ICCResult "White forfeits on time"]
[WhiteElo "1258"]
[BlackElo "1553"]
[Opening "Robatsch (modern) defense"]
[ECO "A40"]
[NIC "KF.05"]
[Time "15:45:17"]
[TimeControl "180+0"]

1. d4 g6 2. e4 Bg7 3. c3 d6 4. h3 c6 5. Bg5 Qa5 6. Nf3 Nd7 7. Nbd2 Qb6 8.
Qc2 Ngf6 9. Bc4 O-O 10. O-O e5 11. dxe5 Nxe5 12. Rfe1 Re8 13. Nxe5 dxe5 14.
Qb3 Qc7 {White forfeits on time} 0-1

[Event "ICCopen2017"]
[Site "Internet Chess Club"]
[Date "2017.03.25"]
[Round "9"]
[White "Soulbrother"]
[Black "MRHZ"]
[Result "0-1"]
[ICCResult "White resigns"]
[WhiteElo "1401"]
[BlackElo "2046"]
[Opening "French defense"]
[ECO "C00"]
[NIC "FR.01"]
[Time "15:44:56"]
[TimeControl "180+0"]

1. e4 e6 2. Nf3 d5 3. e5 c5 4. Nc3 Nc6 5. d3 f6 6. Bf4 Qc7 7. Nb5 Qb8 8. Qc1
fxe5 9. Nxe5 Nxe5 10. Qe3 Ng4 11. Qg3 e5 12. Bg5 a6 13. Nc3 Be6 14. h3 N4f6
15. Bxf6 Nxf6 16. O-O-O d4 17. Ne4 Nxe4 18. dxe4 Qd6 19. Kb1 c4 20. Qa3 Qxa3
21. bxa3 Bxa3 22. Be2 O-O 23. Bg4 Bxg4 24. hxg4 Rxf2 25. g3 Raf8 26. c3 Rb2+
27. Ka1 Rff2 28. Rd2 Rfxd2 {White resigns} 0-1

[Event "ICCopen2017"]
[Site "Internet Chess Club"]
[Date "2017.03.25"]
[Round "9"]
[White "carlito78"]
[Black "morphy-1857"]
[Result "0-1"]
[ICCResult "White resigns"]
[WhiteElo "1415"]
[BlackElo "2159"]
[Opening "Sicilian defense"]
[ECO "B32"]
[NIC "SI.32"]
[Time "15:45:06"]
[TimeControl "180+0"]

1. e4 c5 2. Nf3 Nc6 3. d4 cxd4 4. Nxd4 Qb6 5. Nxc6 bxc6 6. Bd3 e5 7. Nc3 Nf6
8. a3 Be7 9. Qe2 O-O 10. O-O d6 11. h3 a5 12. Kh1 Nd7 13. f4 exf4 14. Bxf4
Qxb2 15. Na4 Qb8 16. e5 Nxe5 17. Bxe5 dxe5 18. Qh5 g6 19. Qh6 Be6 20. Rae1
f5 21. Rxe5 Qxe5 {White resigns} 0-1

[Event "ICCopen2017"]
[Site "Internet Chess Club"]
[Date "2017.03.25"]
[Round "9"]
[White "PITCHUS"]
[Black "PerlHackr"]
[Result "1-0"]
[ICCResult "Black checkmated"]
[WhiteElo "1768"]
[BlackElo "1439"]
[Opening "Réti: King's Indian attack (Barcza system)"]
[ECO "A07"]
[NIC "QP.09"]
[Time "15:44:43"]
[TimeControl "180+0"]

1. Nf3 d5 2. g3 c6 3. Bg2 Nf6 4. O-O e6 5. c4 Bd6 6. d4 O-O 7. c5 Bc7 8. Bf4
Bxf4 9. gxf4 Qc7 10. e3 Nbd7 11. Kh1 b6 12. cxb6 axb6 13. Rg1 Kh8 14. Ne5
Nxe5 15. fxe5 Ne4 16. Bxe4 dxe4 17. Qg4 f5 18. exf6 Rxf6 19. Qxe4 Rh6 20.
Qg2 Ra5 21. Nd2 Rah5 22. Nf3 g6 23. Qg3 Qd7 24. Ne5 Qg7 25. Ng4 Rg5 26. Qb8
Rxh2+ 27. Kxh2 Rh5+ 28. Kg2 Qd7 29. Rh1 Rg5 30. f3 h5 31. Kf2 Kg7 32. Ne5
Qd8 33. Rag1 Rxg1 34. Rxg1 h4 35. Rxg6+ Kh7 36. Qa7+ Kh8 37. Qg7#
{Black checkmated}
1-0

[Event "ICCopen2017"]
[Site "Internet Chess Club"]
[Date "2017.03.25"]
[Round "9"]
[White "trucker"]
[Black "MAU"]
[Result "1-0"]
[ICCResult "Black resigns"]
[WhiteElo "1532"]
[BlackElo "1736"]
[Opening "French: Tarrasch"]
[ECO "C03"]
[NIC "FR.07"]
[Time "15:44:30"]
[TimeControl "180+0"]

1. e4 e6 2. d4 d5 3. Nd2 dxe4 4. Nxe4 c5 5. Nf3 Nc6 6. Bb5 Qa5+ 7. Nc3 Bd7
8. d5 Nb8 9. Qe2 Bxb5 10. Qxb5+ Qxb5 11. Nxb5 Kd7 12. Ne5+ Kc8 13. Nxf7 c4
14. dxe6 Bb4+ 15. c3 Bc5 16. Nxh8 Nf6 17. O-O a6 18. Nd4 Nc6 19. Be3 Bxd4
20. Bxd4 Kc7 21. Nf7 Re8 22. Rfe1 Nd8 23. Nxd8 Kxd8 24. Bb6+ Ke7 25. Rad1
Rc8 26. f3 g5 27. Re5 h6 28. g4 Rc6 29. Bd8+ Ke8 30. Bxf6 Rc8 31. Rd7 b5 32.
Rh7 {Black resigns} 1-0

[Event "ICCopen2017"]
[Site "Internet Chess Club"]
[Date "2017.03.25"]
[Round "9"]
[White "RnZ"]
[Black "JUGGERNOT"]
[Result "1-0"]
[ICCResult "Black resigns"]
[WhiteElo "2004"]
[BlackElo "1819"]
[Opening "QGD Slav: 3.Nf3"]
[ECO "D11"]
[NIC "SL.01"]
[Time "15:44:49"]
[TimeControl "180+0"]

1. d4 d5 2. c4 c6 3. Nf3 Bf5 4. Qb3 Qb6 5. Qxb6 axb6 6. cxd5 cxd5 7. Bf4 e6
8. Nc3 Nc6 9. a3 Be7 10. e3 Nf6 11. Rc1 O-O 12. Nh4 Bg6 13. Nxg6 hxg6 14.
Bd3 Na5 15. Nb5 Rac8 16. Ke2 Nc4 17. Rc2 Nh5 18. Bc7 e5 19. Bxc4 dxc4 20.
dxe5 f5 21. Rxc4 g5 22. Rd1 g6 23. Nd6 Ra8 24. Bxb6 f4 25. Rc7 Bd8 26. Rxb7
Bxb6 27. Rxb6 fxe3 28. Kxe3 Ng7 29. Ne4 Nf5+ 30. Ke2 Rac8 31. Rd7 Rc2+ 32.
Kd3 Rfc8 33. Rxg6+ Kf8 34. e6 Rxb2 35. Rf7+ {Black resigns} 1-0

[Event "ICCopen2017"]
[Site "Internet Chess Club"]
[Date "2017.03.25"]
[Round "9"]
[White "ErnestoRondon"]
[Black "Marblerevealer"]
[Result "1-0"]
[ICCResult "Black forfeits on time"]
[WhiteElo "1848"]
[BlackElo "1751"]
[Opening "Caro-Kann: advance variation"]
[ECO "B12"]
[NIC "CK.04"]
[Time "15:44:07"]
[TimeControl "180+0"]

1. e4 c6 2. d4 d5 3. e5 Bf5 4. g4 Be4 5. f3 Bg6 6. h4 h6 7. h5 Bh7 8. e6 Qd6
9. exf7+ Kxf7 10. Bd3 Bxd3 11. Qxd3 e5 12. dxe5 Qxe5+ 13. Ne2 Bc5 14. Nc3
Nd7 15. Qg6+ Kf8 16. Bf4 Qe8 17. O-O-O Qxg6 18. hxg6 Ne7 19. g5 Nxg6 20.
gxh6 gxh6 21. Bxh6+ Kf7 22. f4 Nf6 23. Bg5 Rae8 24. Nd4 Rxh1 25. Rxh1 Bxd4
26. Nd1 Rh8 27. Re1 Rh2 28. c3 Bc5 29. b4 Bd6 30. Nb2 Ne4 31. Nd3 Nxc3 32.
f5 Nxa2+ 33. Kb1 Nc3+ 34. Kc1 Nh4 35. Ne5+ Bxe5 36. Rxe5 Nxf5 37. Rxf5+ Kg6
38. Re5 d4 39. Bd2 Nd5 40. b5 d3 41. bxc6 bxc6 42. Re6+ Kf5 43. Rxc6 Rh1+
44. Kb2 Ke4 45. Ra6 Rh2 46. Kc1 Nb4 47. Bxb4 Rc2+ 48. Kd1 Rc4 49. Bd2 Rc7
50. Ra4+ {Black forfeits on time} 1-0

[Event "ICCopen2017"]
[Site "Internet Chess Club"]
[Date "2017.03.25"]
[Round "9"]
[White "FytinFrank"]
[Black "majerle"]
[Result "1-0"]
[ICCResult "Black checkmated"]
[WhiteElo "1836"]
[BlackElo "1611"]
[Opening "Caro-Kann: two knights, 3...Bg4"]
[ECO "B11"]
[NIC "CK.01"]
[Time "15:44:24"]
[TimeControl "180+0"]

1. e4 c6 2. Nc3 d5 3. Nf3 Bg4 4. h3 Bh5 5. g4 Bg6 6. exd5 cxd5 7. h4 h6 8.
Ne5 Qc7 9. Nxg6 fxg6 10. Nxd5 Qe5+ 11. Ne3 Nf6 12. d4 Qc7 13. Bg2 Nc6 14. g5
hxg5 15. hxg5 Rxh1+ 16. Bxh1 Nh5 17. c3 e6 18. Qg4 Kf7 19. Be4 Qf4 20. Qg2
Qd6 21. d5 Ne5 22. dxe6+ Kxe6 23. Bd5+ Kd7 24. Bd2 Nd3+ 25. Kd1 Nxb2+ 26.
Kc2 Na4 27. Nc4 Qc7 28. Qg4+ Ke8 29. Re1+ Kd8 30. Qe6 Be7 31. Qg8+ Kd7 32.
Qxa8 Nc5 33. Qg8 b5 34. Ne5+ Kd6 35. Nxg6 Qa5 36. Qb8+ Kd7 37. Rxe7#
{Black checkmated}
1-0

[Event "ICCopen2017"]
[Site "Internet Chess Club"]
[Date "2017.03.25"]
[Round "9"]
[White "Theunrock"]
[Black "Baerenstarker"]
[Result "1-0"]
[ICCResult "Black checkmated"]
[WhiteElo "1709"]
[BlackElo "1844"]
[Opening "Dunst (Sleipner, Heinrichsen) opening"]
[ECO "A00"]
[NIC "VO.15"]
[Time "15:44:29"]
[TimeControl "180+0"]

1. Nc3 Nf6 2. d3 d5 3. f4 c5 4. Nf3 Nc6 5. g3 Bg4 6. Bg2 Bxf3 7. Bxf3 e5 8.
Bg2 Be7 9. fxe5 Nxe5 10. O-O O-O 11. e4 d4 12. Ne2 Rc8 13. Bg5 h6 14. Bxf6
Bxf6 15. Nf4 Bg5 16. Nd5 Be3+ 17. Kh1 f5 18. exf5 Rc6 19. Qe2 Rd6 20. Nxe3
dxe3 21. Qxe3 Ng4 22. Qf4 Rd4 23. Qf3 b6 24. h3 Ne5 25. Qe3 Qf6 26. Rae1 Nf7
27. g4 Rfd8 28. Qe6 Qh4 29. f6 g6 30. Qb3 Rxg4 31. Re7 Rf8 32. Qe6 Rg3 33.
Re8 Qg5 34. Rxf8+ Kxf8 35. Qe7+ Kg8 36. Qe8+ Kh7 37. Qxf7+ Kh8 38. Qg7#
{Black checkmated}
1-0